Map: Tritão LE

Players

LowLinK - Winner!

  • Race: Protoss Protoss
  • League: Diamond
  • Spawn Location: 11:00

itchyallover

  • Race: Zerg Zerg
  • League: Diamond
  • Spawn Location: 5:00

VOD

Have the link to the VOD?

Description

Time

  • Played on: Feb. 18, 2020, 1:36 p.m.
  • Length: 6:18
Show
View Real Time Build Order
Export as new Build Order

LowLinK Protoss - Winner!

Build Orders:  

Get SALT Encoding   

  12  0:01  Probe  
  13  0:13  Probe  
  14  0:17  Pylon  
  14  0:21  Pylon  
  14  0:25  Probe  
  15  0:39  Probe (Chrono Boost)  
  15  0:40  Gateway  
  16  0:44  Gateway  
  17  0:51  Probe (Chrono Boost)  
  17  0:54  Assimilator  
  17  0:57  Probe (Chrono Boost)  
  17  1:01  Assimilator  
  18  1:05  Probe  
  19  1:17  Probe  
  20  1:27  Pylon  
  20  1:29  Probe  
  20  1:32  Cybernetics Core  
  21  1:42  Probe  
  22  1:54  Probe  
  23  2:01  Zealot (Chrono Boost)  
  23  2:08  Warp Gate  
  25  2:14  Pylon  
  25  2:28  Stalker (Chrono Boost)  
  21  3:07  Probe  
  22  3:15  Gateway  
  22  3:16  Gateway  
  22  3:18  Gateway  
  22  3:19  Probe  
  23  3:26  Gateway  
  23  3:35  Pylon  
  23  3:38  Gateway  
  23  3:40  Stalker  
  25  3:56  Gateway  
  25  4:13  Stalker  
  25  4:14  Stalker  
  29  4:27  Stalker  
  31  4:35  Pylon  
  31  4:36  Probe  
  31  4:37  Pylon  
  32  4:38  Stalker  
  32  4:39  Stalker x2  
  38  4:48  Probe  
  39  5:06  Stalker x4  
  47  5:34  Stalker x3  
  51  5:43  Stalker  
  51  5:44  Zealot  
  55  5:58  Pylon  
  51  6:13  Stalker x2  
  51  6:15  Zealot  
Show
View Real Time Build Order
Export as new Build Order

itchyallover Zerg 

Build Orders: Pool First 

Get SALT Encoding   

  12  0:01  Drone  
  13  0:08  Drone  
  14  0:25  Spawning Pool  
  13  0:30  Drone  
  14  0:54  Hatchery  
  13  0:59  Drone  
  14  1:05  Overlord  
  14  1:23  Zergling x6  
  17  1:29  Queen  
  19  1:35  Zergling x2  
  20  1:46  Drone  
  21  1:57  Drone  
  21  1:59  Extractor  
  21  2:05  Queen  
  21  2:06  Queen  
  25  2:13  Overlord  
  25  2:33  Drone  
  25  2:34  Drone x2  
  26  2:46  Drone x3  
  28  2:56  Drone x2  
  28  2:57  Drone x2  
  31  3:06  Overlord  
  31  3:08  Extractor  
  30  3:13  Zergling x2  
  30  3:14  Zergling x4  
  32  3:39  Hatchery  
  30  3:43  Drone x2  
  30  3:44  Drone x2  
  34  3:56  Roach Warren  
  33  4:04  Overlord  
  33  4:05  Overlord  
  33  4:12  Drone x2  
  35  4:21  Drone x3  
  35  4:22  Drone  
  39  4:27  Drone  
  39  4:29  Drone  
  41  4:33  Metabolic Boost  
  41  4:40  Drone x2  
  41  4:41  Drone  
  41  4:43  Drone  
  41  4:44  Drone  
  45  4:54  Roach  
  45  4:55  Roach x2  
  49  5:03  Roach  
  49  5:04  Roach x2  
  47  5:25  Roach x6  
  46  5:36  Roach  
  46  5:37  Roach  
  42  5:47  Zergling x8  
Tags
 
Add a new tag
Caveats
  • Supply blocks, unpowered buildings, or Contaminate may cause inaccurate times.
  • Supply counts are checked every 10 seconds.